 Dungeon Crawl Stone Soup version 0.31-a0-986-g5e6e4ef867 (webtiles) character file.

Game seed: 9353501698881144771

6007 drugrobin the Fighter (level 10, 73/82 HPs)
             Began as a Demonspawn Berserker on Nov 19, 2023.
             Was an Elder of Trog.
             Quit the game on level 9 of the Dungeon on Nov 20, 2023.
             The game lasted 00:38:01 (7657 turns).

drugrobin the Fighter (Demonspawn Berserker)        Turns: 7657, Time: 00:38:02

Health: 73/82      AC: 16    Str: 24    XL:     10   Next: 56%
Magic:  10/10      EV: 26    Int:  8    God:    Trog [****..]
Gold:   530        SH: 10    Dex: 13    Spells: 9/9 levels left

rFire   . . .        c - +4 trident (drain)
rCold   . . .        (no shield)
rNeg    . . .        I - +1 scale mail {Will+}
rPois   .            (helmet currently unavailable)
rElec   .            o - melded +0 cloak
rCorr   .            (gloves currently unavailable)
SInv    .            m - melded +0 pair of boots
Will    +....        p - amulet of the acrobat Stlth
                     h - +4 ring of protection
HPRegen 0.33/turn    t - +4 ring of protection
MPRegen 0.12/turn

%: acrobat
@: beast-form, acrobatic
A: beast (slay +3), large bone plates 2, condensation shield, demonic touch 2,
talons 1, strong 1
a: Begin Untransformation, Renounce Religion, Berserk, Trog's Hand, Brothers in
Arms


You were on level 9 of the Dungeon.
You worshipped Trog.
Trog was greatly pleased with you.
You were a hulking beast.
You visited 2 branches of the dungeon, and saw 10 of its levels.

You collected 530 gold pieces.

Inventory:

Hand Weapons
 a - a +0 falchion
 c - a +4 trident of draining (weapon)
Missiles
 b - 3 boomerangs
 u - 10 poisoned darts (quivered)
 A - a throwing net
Armour
 m - a +0 pair of boots (melded)
 o - a +0 cloak (melded)
 q - an orb of mayhem
 s - a +0 hat
 x - a +1 robe of resistance
 I - a +1 scale mail of willpower (worn)
Jewellery
 h - a +4 ring of protection (left hand)
 j - a +6 ring of strength
 p - an amulet of the acrobat (around neck)
 t - a +4 ring of protection (right hand)
 B - a ring of fire
Talismans
 l - a beast talisman (active)
Wands
 r - a wand of digging (6)
 y - a wand of polymorph (7)
Scrolls
 d - 4 scrolls of identify
 g - 2 scrolls of fog
 i - a scroll of noise {unknown}
 k - a scroll of torment {unknown}
 z - a scroll of fear
 E - 2 scrolls of enchant weapon
Potions
 e - 2 potions of mutation
 f - 2 potions of curing
 n - 3 potions of invisibility
 v - 4 potions of attraction
 w - a potion of enlightenment {unknown}
 D - a potion of resistance {unknown}
 F - a potion of berserk rage {unknown}
 H - a potion of lignification {unknown}


   Skills:
 + Level 8.4 Fighting
 - Level 7.7 Long Blades
 * Level 3.8 Polearms
 - Level 6.0 Armour
 - Level 3.0 Dodging
 - Level 2.0 Unarmed Combat
 + Level 6.4 Shapeshifting


You had 9 spell levels left.
You didn't know any spells.
Your spell library was empty.

Dungeon Overview and Level Annotations

Branches:
Dungeon (9/15)             Temple (1/1) D:7            Lair (0/5) D:8
    Orc: D:9-12

Altars:
Ashenzari
Cheibriados
Dithmenos
Fedhas
Gozag
Hepliaklqana
Kikubaaqudgha
Makhleb
Nemelex Xobeh
Okawaru
Qazlal
Ru
Sif Muna
Trog
Uskayaw
Vehumet
Wu Jian
Xom
Yredelemnul

Shops:
D:5 =   D:9 *


Innate Abilities, Weirdness & Mutations

You are a hulking beast.
Your limbs bulge with bestial killing power. (Slay +3)
You are mostly covered in large bone plates. (SH +6)
A meltable shield of frost defends you. (SH +4)
Your touch may inflict irresistible damage on your foes.
You have sharp toenails.
Your muscles are strong. (Str +4, Int/Dex -1)


Message History

There is an open door here.
You see here a +0 cloak.
You open the door.
There is an open door here.
Could not explore, unopened door.
Could not explore, unopened door.
You open the door.
There is an open door here.
Found a plate armour.
A wyvern comes into view.
The wyvern hisses angrily.
The wyvern hisses menacingly.
The wyvern moves out of view.
Found a stone staircase leading up.
Reach: c) +4 trident (drain)
Press: ? - help, Dir - move target, f - wyvern
Aim: a wyvern (about 31% to evade your +4 trident of draining)
You reach to attack!
You hit the wyvern but do no damage. You block the wyvern's attack.
You puncture the wyvern!
The wyvern is heavily wounded.
The wyvern bites you but does no damage.
The wyvern barely misses you.
You hit the wyvern but do no damage. Your kick misses the wyvern.
The wyvern is heavily wounded.
You block the wyvern's attack.
You hit the wyvern. You drain the wyvern.
The wyvern is severely wounded.
The wyvern bites you! You block the wyvern's attack.
You closely miss the wyvern. Your touch misses the wyvern.
The wyvern is severely wounded.
You block the wyvern's attack. The wyvern bites you.
You hit the wyvern.
The wyvern is severely wounded.
The wyvern bites you but does no damage.
You puncture the wyvern!
You kill the wyvern!
Trog accepts your kill.
You see here a wyvern corpse.
Are you sure you want to abandon this character and quit the game? (Confirm with "yes".)

).##########....# #.....#...
..........#....## #.....#...
..........#....########......###+
####......#.....#.....#......#...
...#......#[....#.....#......#...
...###'#####....#.....# #...
...[.......#...##.....# ##+#
....<......#...##.....# ...
...........#....h.....# ....
###....)...#..........# ....
#........#..........# ....
#........#...##.....# ....
#........#...# .....# ....
#........#...# .....#
+........#...# .....# .......
#..< .....#


There were no monsters in sight!

Vanquished Creatures
  Gastronok (D:9)
  The ghost of lessens the Ducker, a novice GnMo of Qazlal (D:7)
  Jeremiah (D:9)
  A troll (D:9)
  A wyvern (D:9)
  A yak (D:9)
  5 ice beasts
  3 orc warriors
  A black bear (D:6)
  2 sky beasts
  2 ogres
  2 centaurs
  2 phantoms
  Blork the orc (D:5)
  A kobold brigand (D:7)
  3 bullfrogs
  A gnoll sergeant (D:8)
  2 scorpions
  3 killer bees (D:8)
  3 howler monkeys
  A crimson imp (D:8)
  A quasit (D:8)
  2 hounds
  2 gnoll boudas
  6 orc priests
  Crazy Yiuf (D:5)
  Jessica (D:2)
  2 iguanas (D:6)
  A sleepcap (D:7)
  Natasha (thrice) (D:2)
  12 orc wizards
  A centaur simulacrum (D:7)
  14 adders
  13 gnolls
  2 shadow imps (D:8)
  8 white imps
  2 howler monkey simulacra (D:7)
  3 ufetubi
  2 worms
  46 orcs
  5 bats
  7 endoplasms
  8 goblins
  6 hobgoblins
  6 jackals
  5 quokkas
  8 ball pythons
  A frilled lizard (D:2)
  16 kobolds
  5 rats
227 creatures vanquished.

Notes
Turn   | Place    | Note
-------+----------+-------------------------------------------
     0 | D:1      | drugrobin the Demonspawn Berserker began the quest for the
                  | Orb.
     0 | D:1      | Reached XP level 1. HP: 18/18 MP: 1/1
   223 | D:1      | Gained mutation: A meltable shield of frost defends you.
                  | (SH +4) [demonic ancestry]
   223 | D:1      | Reached XP level 2. HP: 24/24 MP: 2/2
   753 | D:2      | Gained mutation: You are partially covered in large bone
                  | plates. (SH +4) [demonic ancestry]
   753 | D:2      | Reached XP level 3. HP: 16/29 MP: 3/3
  1075 | D:2      | Noticed Jessica
  1081 | D:2      | Killed Jessica
  1082 | D:2      | Reached XP level 4. HP: 35/35 MP: 4/4
  1267 | D:2      | Noticed Natasha
  1279 | D:2      | Killed Natasha
  1591 | D:2      | Noticed Natasha
  1600 | D:2      | Killed Natasha
  1601 | D:2      | Reached XP level 5. HP: 42/42 MP: 5/5
  1751 | D:2      | Noticed Natasha
  1763 | D:2      | Killed Natasha
  1764 | D:2      | Reached skill level 4 in Fighting
  2115 | D:3      | Reached ** piety under Trog
  2258 | D:3      | Gained mutation: You passively dampen the noise of your
                  | surroundings. [potion of mutation]
  2258 | D:3      | Gained mutation: You are mostly covered in large bone
                  | plates. (SH +6) [potion of mutation]
  2337 | D:3      | Found a shadowy altar of Dithmenos.
  2448 | D:3      | Reached XP level 6. HP: 40/48 MP: 6/6
  2525 | D:3      | Found an ornate altar of the Wu Jian Council.
  3162 | D:4      | Found a broken altar of Ashenzari.
  3179 | D:4      | Reached skill level 1 in Shapeshifting
  3476 | D:4      | Reached *** piety under Trog
  3832 | D:4      | Gained mutation: Your touch may inflict minor irresistible
                  | damage on your foes. [demonic ancestry]
  3832 | D:4      | Reached XP level 7. HP: 48/55 MP: 7/7
  3905 | D:4      | Found a sacrificial altar of Ru.
  3971 | D:5      | Entered Level 5 of the Dungeon
  3990 | D:5      | Reached skill level 5 in Fighting
  4292 | D:5      | Reached skill level 1 in Unarmed Combat
  4509 | D:5      | Found a runed translucent door.
  4510 | D:5      | Noticed Crazy Yiuf
  4516 | D:5      | Killed Crazy Yiuf
  4517 | D:5      | Reached skill level 5 in Long Blades
  4656 | D:5      | Noticed Blork the orc
  4664 | D:5      | Killed Blork the orc
  4665 | D:5      | Mutation became permanent: You are partially covered in
                  | large bone plates. (SH +4) [demonic ancestry]
  4665 | D:5      | Gained mutation: You are mostly covered in large bone
                  | plates. (SH +6) [demonic ancestry]
  4665 | D:5      | Reached XP level 8. HP: 63/63 MP: 8/8
  5083 | D:5      | Found Piogoj's Jewellery Shoppe.
  5152 | D:6      | Identified the "Osamuuqi"
  5229 | D:6      | Identified the +2 leather armour of the Cicada {Harm}
  5357 | D:6      | Reached skill level 5 in Armour
  5527 | D:6      | Reached skill level 6 in Fighting
  5601 | D:7      | Found a sparkling altar of Nemelex Xobeh.
  5671 | D:7      | Reached **** piety under Trog
  5748 | D:7      | Reached XP level 9. HP: 60/69 MP: 9/9
  5808 | D:7      | Lost mutation: You passively dampen the noise of your
                  | surroundings. [potion of mutation]
  5808 | D:7      | Gained mutation: Your muscles are strong. (Str +4, Int/Dex
                  | -1) [potion of mutation]
  5808 | D:7      | Gained mutation: You have sharp toenails. [potion of
                  | mutation]
  5822 | D:7      | Found a staircase to the Ecumenical Temple.
  5928 | D:7      | Found a runed translucent gate.
  5928 | D:7      | Found a runed translucent gate.
  5928 | D:7      | Found a runed translucent gate.
  5981 | D:7      | Noticed lessens's ghost (novice GnMo)
  6005 | D:7      | Killed lessens's ghost
  6006 | D:7      | Reached skill level 5 in Shapeshifting
  6009 | D:7      | Reached skill level 7 in Fighting
  6252 | Temple   | Entered the Ecumenical Temple
  6263 | D:8      | Found a staircase to the Lair.
  6402 | D:8      | Found a blossoming altar of Fedhas.
  6415 | D:8      | Found a stormy altar of Qazlal.
  6424 | D:8      | Found a bloodstained altar of Trog.
  7113 | D:8      | Found a burning altar of Makhleb.
  7198 | D:9      | Noticed a troll
  7200 | D:9      | Noticed Jeremiah
  7208 | D:9      | Killed a troll
  7209 | D:9      | Gained mutation: Your touch may inflict irresistible damage
                  | on your foes. [demonic ancestry]
  7209 | D:9      | Reached XP level 10. HP: 75/80 MP: 10/10
  7255 | D:9      | Killed Jeremiah
  7394 | D:9      | Reached skill level 1 in Polearms
  7481 | D:9      | Reached skill level 8 in Fighting
  7495 | D:9      | Noticed Gastronok
  7529 | D:9      | Killed Gastronok
  7587 | D:9      | Found Maiwkisch's Assorted Antiques.
  7657 | D:9      | Quit the game

Illustrated notes

Levels and vault maps discovered:
D:1:      dpeg_arrival_round_c, layout_basic
D:2:      layout_basic, skrybe_limestone_x, uniq_jessica, uniq_natasha
D:3:      layout_basic, mainiacjoe_overflow_six_doors_small,
          nicolae_dithmenos_the_darkroom, overflow_temple_1_default
D:4:      layout_basic, mainiacjoe_overflow_chevrons,
          nicolae_ashenzari_panopticon, nrook_campfire,
          nicolae_elevator_lobby_asterisk
D:5:      layout_cave_pods, serial_shops, shop, uniq_blork_the_orc,
          uniq_crazy_yiuf_cottage
D:6:      layout_rooms
D:7:      layout_rooms, nemelex_xobeh_ov_fountains_minmay,
          minmay_temple_entry_glass, gammafunk_ghost_icy
D:8:      layout_loops_ring, makhleb_grotto_becter,
          mainiacjoe_overflow_catwalk_spiral, kennysheep_mini_moat,
          lair_entry_dummy, serial_demonic, serial_demonic_g, serial_demonic_a,
          serial_demonic_a, serial_demonic_c, serial_demonic_g, serial_demonic_b
D:9:      layout_gridville, serial_shops, nicolae_shop_tiny_statue_garden,
          minivault_23, st_stairs_9, uniq_grum, uniq_jeremiah, uniq_gastronok
Temple:   minmay_temple_bridge_abc

Skill      XL: |  1  2  3  4  5  6  7  8  9 10 |
---------------+-------------------------------+-----
Dodging        | 2 3 |  3.0
Armour         | 2 3 4 5 6 |  6.0
Long Blades    | 3 4 5 6 7 |  7.7
Fighting       | 4 5 6 7 8 |  8.4
Shapeshifting  | 1 2 4 5 6 |  6.4
Unarmed Combat | 1 2 |  2.0
Polearms       | 3 |  3.8

Action                     |  1- 3 |  4- 6 |  7- 9 | 10-12 || total
---------------------------+-------+-------+-------+-------++-------
  Melee: Falchion          |    90 |   382 |   403 |    18 ||   893
         Punch             |       |     1 |     6 |       ||     7
         Touch             |       |       |    77 |     7 ||    84
         Kick              |       |       |    45 |    14 ||    59
         Trident           |       |       |       |    42 ||    42
  Throw: Stone             |       |     5 |       |       ||     5
         Boomerang         |       |     2 |     5 |       ||     7
         Dart              |       |       |     4 |    18 ||    22
 Invoke: Berserk           |     3 |     8 |    11 |     2 ||    24
         Trog's Hand       |       |     1 |     2 |     1 ||     4
    Use: Scroll            |     1 |     3 |     6 |       ||    10
         Potion            |       |     3 |     3 |     3 ||     9
   Stab: Sleeping          |     1 |       |       |       ||     1
 Armour: Animal skin       |    34 |    29 |       |       ||    63
         Ring mail         |       |   153 |   182 |       ||   335
         Scale mail        |       |       |    18 |    30 ||    48
  Dodge: Dodged            |    57 |   129 |   144 |    22 ||   352
  Block: Other             |    10 |   175 |   162 |    26 ||   373
   Form: Beast             |       |       |     3 |       ||     3
                           |       |       |     2 |       ||     2

Table legend: (Time is in decaauts)
 A = Elapsed time spent in this place.
 B = Non-inter-level travel time spent in this place.
 C = Inter-level travel time spent in this place.
 D = Time resting spent in this place.
 E = Time spent auto-exploring this place.
 F = Levels seen in this place.
 G = Mean time per level.
                   A        B        C        D        E       F      G
               +--------+--------+--------+--------+--------+-----+--------+
         Total |   7956 |   7762 |    194 |    465 |   4587 |  10 |  795.6 |
       Dungeon |   7954 |   7760 |    194 |    465 |   4587 |   9 |  883.8 |
        Temple |      1 |      1 |      0 |      0 |      0 |   1 |    1.0 |
               +--------+--------+--------+--------+--------+-----+--------+

Top non-repeatable levels by time:
     D:2: 1376 daAuts
     D:5: 1215 daAuts
     D:3: 1196 daAuts
     D:8: 945 daAuts
     D:4: 851 daAuts
     D:1: 748 daAuts
     D:7: 691 daAuts
     D:9: 473 daAuts
     D:6: 456 daAuts
  Temple: 1 daAuts
